2761 views
Uploaded 2019-12-27 18:59:32
Game version 1.32.0.4
14:55 long 1on1 ladder game on (2)ConcealedHill
Saved by BEARAND
2761 views
Uploaded 2019-12-27 18:59:32
Game version 1.32.0.4
14:55 long 1on1 ladder game on (2)ConcealedHill

16 units @ 1.8k
/ 0.3k
24 buildings @ 2.5k
/ 1.3k

| Scroll of Regeneration | 4 | 400 |
| Lesser Clarity Potion | 7 | 490 |
| Mechanical Critter | 1 | 50 |
| Potion of Healing | 1 | 150 |
| Potion of Mana | 2 | 400 |
| Boots of Speed | 1 | 250 |
| Staff of Teleportation | 1 | 150 |
| Potion of Invisibility | 2 | 200 |
| total: | 19 | 2090g |
| Peasant | 11 | 825 | / | 0 |
| Siege Engine | 5 | 975 | / | 300 |
| total: | 16 | 1800g | / | 300w |
| Scout Tower | 3 | 90 | / | 60 |
| Arcane Tower | 1 | 70 | / | 50 |
| Guard Tower | 1 | 70 | / | 50 |
| Altar of Kings | 2 | 360 | / | 100 |
| Farm | 9 | 720 | / | 180 |
| Lumber Mill | 2 | 240 | / | 0 |
| Arcane Vault | 1 | 130 | / | 30 |
| Blacksmith | 1 | 140 | / | 60 |
| Workshop | 6 | 840 | / | 840 |
| Keep | 1 | 320 | / | 210 |
| Castle | 1 | 360 | / | 210 |
| total: | 24 | 2520g | / | 1270w |
| 0:04 | Peasant |
| 0:04 | Peasant |
| 0:10 | Altar of Kings |
| 0:12 | Altar of Kings |
| 0:17 | Farm |
| 0:19 | Farm |
| 0:29 | Peasant |
| 0:36 | Lumber Mill |
| 0:53 | Peasant |
| 0:53 | Peasant |
| 0:53 | Peasant |
| 1:00 | Farm |
| 1:02 | Lumber Mill |
| 1:12 | Peasant |
| 1:12 | Peasant |
| 1:29 | Scout Tower |
| 1:46 | Peasant |
| 1:46 | Peasant |
| 1:48 | Peasant |
| 1:53 | Arcane Vault |
| 1:57 | Arcane Tower |
| 2:26 | Scout Tower |
| 2:27 | Scout Tower |
| 2:30 | Flame Strike |
| 3:24 | Keep |
| 3:38 | Guard Tower |
| 3:52 | Boots of Speed |
| 4:18 | Staff of Teleportation |
| 4:26 | Scroll of Regeneration |
| 4:26 | Lesser Clarity Potion |
| 4:26 | Mechanical Critter |
| 4:28 | Scroll of Regeneration |
| 4:29 | Lesser Clarity Potion |
| 6:28 | Castle |
| 6:32 | Scroll of Regeneration |
| 6:32 | Lesser Clarity Potion |
| 6:38 | Potion of Healing |
| 6:38 | Potion of Mana |
| 7:20 | Banish |
| 7:30 | Blacksmith |
| 7:35 | Improved Lumber Harvesting |
| 8:11 | Potion of Invisibility |
| 8:30 | Scroll of Regeneration |
| 8:30 | Lesser Clarity Potion |
| 8:32 | Lesser Clarity Potion |
| 8:51 | Workshop |
| 8:53 | Workshop |
| 8:56 | Workshop |
| 9:29 | Workshop |
| 9:32 | Workshop |
| 9:33 | Workshop |
| 9:36 | Lesser Clarity Potion |
| 9:39 | Potion of Mana |
| 9:54 | Farm |
| 10:03 | Potion of Invisibility |
| 10:39 | Farm |
| 10:50 | Farm |
| 11:10 | Siege Engine |
| 11:30 | Siege Engine |
| 12:18 | Farm |
| 12:26 | Siege Engine |
| 12:33 | Black Gunpowder |
| 12:46 | Farm |
| 12:55 | Farm |
| 12:59 | Siege Engine |
| 13:02 | Siege Engine |
| 13:31 | Lesser Clarity Potion |
| 13:38 | Refined Gunpowder |
| Right click | 920 |
| Select | 238 |
| Select group | 70 |
| Build/train/purchase | 63 |
| Misc. action | 27 |
| Use ability | 14 |
| Chat | 6 |
| Assign group | 5 |
| Esc | 5 |
| Item give/drop | 1 |
| Remove unit | 1 |
34 units @ 2.5k
/ 0k
58 buildings @ 3k
/ 1.6k


| Scroll of Regeneration | 1 | 100 |
| Boots of Speed | 2 | 500 |
| Staff of Teleportation | 2 | 300 |
| total: | 5 | 900g |
| Peasant | 34 | 2550 | / | 0 |
| total: | 34 | 2550g | / | 0w |
| Scout Tower | 46 | 1380 | / | 920 |
| Arcane Tower | 9 | 630 | / | 450 |
| Guard Tower | 18 | 1260 | / | 900 |
| Altar of Kings | 1 | 180 | / | 50 |
| Farm | 5 | 400 | / | 100 |
| Lumber Mill | 1 | 120 | / | 0 |
| Arcane Vault | 2 | 260 | / | 60 |
| Town Hall | 1 | 385 | / | 205 |
| Arcane Sanctum | 1 | 150 | / | 140 |
| Gryphon Aviary | 1 | 140 | / | 150 |
| Keep | 2 | 640 | / | 420 |
| Castle | 1 | 360 | / | 210 |
| total: | 58 | 3015g | / | 1625w |
| 0:01 | Peasant |
| 0:02 | Peasant |
| 0:08 | Altar of Kings |
| 0:16 | Peasant |
| 0:18 | Farm |
| 0:26 | Farm |
| 0:27 | Peasant |
| 0:35 | Scout Tower |
| 0:42 | Peasant |
| 0:51 | Peasant |
| 1:03 | Peasant |
| 1:08 | Peasant |
| 1:15 | Scout Tower |
| 1:21 | Lumber Mill |
| 1:25 | Peasant |
| 1:35 | Arcane Tower |
| 1:36 | Peasant |
| 1:47 | Peasant |
| 1:56 | Peasant |
| 2:03 | Scout Tower |
| 2:06 | Summon Water Elemental |
| 2:23 | Guard Tower |
| 2:35 | Peasant |
| 2:39 | Scout Tower |
| 3:01 | Guard Tower |
| 3:40 | Peasant |
| 3:41 | Peasant |
| 3:41 | Peasant |
| 3:41 | Peasant |
| 3:42 | Boots of Speed |
| 3:42 | Staff of Teleportation |
| 3:48 | Guard Tower |
| 4:12 | Scout Tower |
| 4:13 | Scout Tower |
| 4:14 | Scout Tower |
| 4:30 | Improved Masonry |
| 4:32 | Arcane Vault |
| 5:01 | Brilliance Aura |
| 5:21 | Town Hall |
| 5:26 | Scout Tower |
| 5:26 | Scout Tower |
| 5:27 | Scout Tower |
| 5:27 | Scout Tower |
| 5:28 | Scout Tower |
| 5:28 | Scout Tower |
| 5:29 | Scout Tower |
| 5:29 | Scout Tower |
| 5:37 | Peasant |
| 5:59 | Arcane Tower |
| 6:19 | Keep |
| 6:23 | Arcane Tower |
| 6:42 | Guard Tower |
| 6:42 | Arcane Tower |
| 6:43 | Guard Tower |
| 6:52 | Farm |
| 6:53 | Farm |
| 8:19 | Scout Tower |
| 8:31 | Scout Tower |
| 8:40 | Arcane Sanctum |
| 8:42 | Advanced Masonry |
| 8:42 | Improved Lumber Harvesting |
| 8:45 | Scout Tower |
| 8:47 | Scout Tower |
| 8:51 | Peasant |
| 8:52 | Peasant |
| 8:52 | Peasant |
| 8:52 | Peasant |
| 8:53 | Peasant |
| 8:53 | Arcane Tower |
| 9:11 | Scout Tower |
| 9:11 | Scout Tower |
| 9:40 | Peasant |
| 9:41 | Peasant |
| 9:41 | Peasant |
| 9:41 | Peasant |
| 9:43 | Scroll of Regeneration |
| 9:48 | Peasant |
| 9:48 | Peasant |
| 9:56 | Magic Sentry |
| 10:13 | Farm |
| 10:25 | Storm Bolt |
| 10:39 | Guard Tower |
| 10:41 | Scout Tower |
| 10:45 | Peasant |
| 10:45 | Peasant |
| 11:05 | Guard Tower |
| 11:27 | Castle |
| 11:30 | Scout Tower |
| 11:31 | Scout Tower |
| 11:39 | Boots of Speed |
| 11:39 | Staff of Teleportation |
| 12:01 | Scout Tower |
| 12:02 | Scout Tower |
| 12:02 | Scout Tower |
| 12:03 | Scout Tower |
| 12:05 | Scout Tower |
| 12:05 | Scout Tower |
| 12:16 | Scout Tower |
| 12:18 | Scout Tower |
| 12:18 | Scout Tower |
| 12:22 | Scout Tower |
| 12:23 | Scout Tower |
| 12:23 | Scout Tower |
| 12:24 | Scout Tower |
| 12:25 | Scout Tower |
| 12:25 | Scout Tower |
| 12:26 | Scout Tower |
| 12:27 | Scout Tower |
| 12:27 | Scout Tower |
| 12:38 | Guard Tower |
| 12:40 | Guard Tower |
| 12:45 | Peasant |
| 12:45 | Peasant |
| 12:45 | Peasant |
| 13:06 | Bash |
| 13:09 | Arcane Tower |
| 13:09 | Arcane Tower |
| 13:09 | Guard Tower |
| 13:27 | Arcane Vault |
| 13:37 | Arcane Tower |
| 13:37 | Guard Tower |
| 13:40 | Scout Tower |
| 13:41 | Scout Tower |
| 13:43 | Gryphon Aviary |
| 13:45 | Summon Water Elemental |
| 13:54 | Guard Tower |
| 14:08 | Guard Tower |
| 14:28 | Scout Tower |
| 14:44 | Guard Tower |
| 14:52 | Scout Tower |
| 14:52 | Guard Tower |
| Right click | 1338 |
| Select | 407 |
| Select group | 188 |
| Build/train/purchase | 166 |
| Assign group | 29 |
| Use ability | 28 |
| Misc. action | 18 |
| Chat | 4 |
| Item give/drop | 1 |
| Remove unit | 1 |